 Dungeon Crawl Stone Soup version 0.28-a0-1002-gf00fe891ef (webtiles) character file.

Game seed: 11942723461031899006

53 Snarg the Sneak (level 3, 0/18 HPs)
             Began as a Vine Stalker Brigand on Dec 7, 2021.
             Succumbed to a kobold's poison
             ... on level 1 of the Dungeon.
             The game lasted 00:04:33 (1582 turns).

Snarg the Sneak (Vine Stalker Brigand)              Turns: 1582, Time: 00:04:34

Health: 0/18       AC:  4    Str: 13    XL:     3   Next: 89%
Magic:  1/4        EV: 11    Int: 11    God:
Gold:   37         SH:  0    Dex: 17    Spells: 2/2 levels left

rFire   . . .      SeeInvis .   a - +2 dagger
rCold   . . .      Faith    .   (no shield)
rNeg    . . .      Spirit   +   m - +0 leather armour
rPois   .          Reflect  .   (no helmet)
rElec   .          Harm     .   c - +0 cloak
rCorr   .          Rampage  .   (no gloves)
Will    .....                   (no boots)
Stlth   +++.......              (no amulet)
HPRegen 0.06/turn               (no ring)
MPRegen 0.09/turn               (no ring)

@: lethally poisoned (0 -> -2), flying
A: fangs 2, magic shield, antimagic bite, no potion heal 2
a: no special abilities


You were on level 1 of the Dungeon.
You visited 1 branch of the dungeon, and saw 2 of its levels.

You collected 37 gold pieces.

Inventory:

Hand Weapons
 a - a +2 dagger (weapon)
 j - a +0 short sword
Missiles
 d - 6 poisoned darts (quivered)
 e - 2 curare-tipped darts
Armour
 b - a +0 robe
 c - a +0 cloak (worn)
 m - a +0 leather armour (worn)
Scrolls
 f - a scroll of enchant weapon
 h - a scroll of teleportation {unknown}
 i - a scroll of silence {unknown}


   Skills:
 + Level 2.1 Fighting
 + Level 3.0 Short Blades
 + Level 2.1 Throwing
 + Level 1.0 Dodging
 - Level 5.0 Stealth


You had 2 spell levels left.
You didn't know any spells.
Your spell library was empty.

Dungeon Overview and Level Annotations

Branches:
Dungeon (2/15)

Altars:

Annotations:
D:1 clr


Innate Abilities, Weirdness & Mutations

You have extremely sharp teeth.
When hurt, damage is shared between your health and your magic reserves.
Your bite disrupts and absorbs the magic of your enemies.
Potions cannot restore your health.


Message History

You are no longer poisoned.
There is a stone staircase leading up here.
The orc closely misses you.
You climb upwards.
Level annotation: clr
There is a stone staircase leading down here.
You start resting.
HP restored.
There is a stone staircase leading down here.
You climb downwards.
The orc hits you with a +0 dagger.
There is a stone staircase leading up here.
The orc misses you.
The kobold hits you with a +1 dagger of venom.
You are poisoned.
You climb upwards.
Level annotation: clr You feel very sick.
There is a stone staircase leading down here.
You feel sick. The kobold closely misses you.
You feel sick. The kobold hits you but does no damage.
You are lethally poisoned!
You feel sick.
You feel sick.
* * * LOW HITPOINT WARNING * * *
You feel sick.
The kobold throws a stone.
The stone hits you but does no damage.
* * * LOW HITPOINT WARNING * * *
You feel sick.
The kobold throws a stone.
The stone hits you.
* * * LOW HITPOINT WARNING * * *
It was a potion of flight.
You feel very buoyant.
You fly up into the air.
* * * LOW HITPOINT WARNING * * *
You feel sick. The orc hits you with a +0 dagger.
You aren't carrying any potions.
Unknown command.
As you read the scroll labelled YCEUTW BEST, it crumbles to dust.
It is a scroll of identify.
f - a scroll of enchant weapon You die...

≈≈≈≈≈.≈≈≈≈.# ####### ≈≈≈≈≈.≈≈≈≈.#
######.....# ≈≈≈≈≈.≈≈≈≈.#
#..........# ......≈≈≈≈.#
#.###.###..# ≈≈≈≈.......#
#.##...##..####### ≈≈≈≈.≈≈≈≈≈.##
#.#.....#.........
≈≈≈≈.≈≈≈≈≈..####..........#######
≈≈≈≈.≈≈≈≈≈.....#.#.....#..#######
≈≈≈≈.≈≈≈≈≈.###..@##...##..#......
...........# ###o#######..#......
.......#..## #.K.........#..≈≈≈≈
.........).## #...........#..≈...
#.########)†# #..........##..≈.≈≈
#.# ##.###..........##..≈.≈. #.#
#......>........#..≈.≈. ..#
#####..........##..≈.≈≈ .##
#.......[..##..≈...


You could see an orc and a kobold.

Vanquished Creatures
  An adder (D:2)
  A worm (D:2)
  A dart slug (D:1)
  3 endoplasms (D:1)
  2 giant cockroaches (D:1)
  5 goblins (D:1)
  6 hobgoblins
  4 jackals (D:2)
  A quokka (D:1)
  2 ball pythons
  3 frilled lizards (D:1)
  4 kobolds (D:1)
  2 rats (D:1)
35 creatures vanquished.

Notes
Turn   | Place    | Note
-------+----------+-------------------------------------------
     0 | D:1      | Snarg the Vine Stalker Brigand began the quest for the Orb.
     0 | D:1      | Reached XP level 1. HP: 11/11 MP: 2/2
   141 | D:1      | Reached skill level 5 in Stealth
   145 | D:1      | Reached XP level 2. HP: 15/15 MP: 3/3
   272 | D:1      | Found a faded altar of an unknown god.
   472 | D:1      | Reached XP level 3. HP: 18/18 MP: 4/4
   517 | D:1      | Reached skill level 1 in Dodging
  1582 | D:1      | Succumbed to a kobold's poison

Illustrated notes

Levels and vault maps discovered:
D:1:      minmay_arrival_plants_in_alcoves, layout_rooms,
          hellmonk_ecumenical_altar_blasted, minmay_misc_feat_enclosed,
          minivault_14, kennysheep_small_spiral
D:2:      kennysheep_big_flooded_room, layout_loops_corners, basic_altar,
          uniq_natasha

Skill      XL: |  1  2  3 |
---------------+----------+-----
Short Blades   | 2 3 |  3.0
Stealth        | 5 |  5.0
Throwing       | 2 |  2.1
Dodging        | 1 |  1.0
Fighting       | 2 |  2.1

Action                   || total
-------------------------++-------
Melee: Dagger            ||    95
       Bite              ||    27
Throw: Dart              ||     4
       Stone             ||     4
  Use: Scroll            ||     1
       Potion            ||     1
 Stab: Sleeping          ||     6
Armor: Robe              ||    14
       Leather armour    ||    11
Dodge: Dodged            ||    40

Table legend: (Time is in decaauts)
 A = Elapsed time spent in this place.
 B = Non-inter-level travel time spent in this place.
 C = Inter-level travel time spent in this place.
 D = Time resting spent in this place.
 E = Time spent auto-exploring this place.
 F = Levels seen in this place.
 G = Mean time per level.
                   A        B        C        D        E       F      G
               +--------+--------+--------+--------+--------+-----+--------+
         Total |   1570 |   1514 |     56 |    405 |    774 |   2 |  785.0 |
       Dungeon |   1570 |   1514 |     56 |    405 |    774 |   2 |  785.0 |
               +--------+--------+--------+--------+--------+-----+--------+

Top non-repeatable levels by time:
     D:1: 1194 daAuts
     D:2: 375 daAuts
